 Dungeon Crawl Stone Soup version 0.28-a0-312-gbced6e68ee (webtiles) character file.

Game seed: 1937111939501961799

433 octoduck the Firebug (level 7, 0/60 HPs)
             Began as a Tengu Fire Elementalist on Aug 30, 2021.
             Was an Initiate of Sif Muna.
             Slain by a water moccasin (7 damage)
             ... on level 6 of the Dungeon.
             The game lasted 00:14:23 (5638 turns).

octoduck the Firebug (Tengu Fire Elementalist)      Turns: 5638, Time: 00:14:26

Health: 0/60       AC: 27    Str:  9    XL:     7   Next: 0%
Magic:  10/11      EV:  2    Int: 16    God:    Sif Muna [......]
Gold:   171        SH:  0    Dex: 15    Spells: 6/10 levels left

rFire   + . .      SeeInvis .   a - staff of fire
rCold   . . .      Faith    +   (no shield)
rNeg    + + +      Spirit   .   (armour currently unavailable)
rPois   +          Reflect  .   (helmet currently unavailable)
rElec   .          Harm     .   (cloak currently unavailable)
rCorr   .          Rampage  .   (gloves currently unavailable)
Will    .....      NoTele   +   (boots unavailable)
Stlth   ++........              s - amulet of faith
HPRegen 0.20/turn               k - +4 ring of protection
MPRegen 0.12/turn               (no ring)

@: lethally poisoned (0 -> -5), tree-form
A: stationary, stasis, torment immunity, boosted hp, (beak), (talons 3), nimble
flight
a: Renounce Religion


You were on level 6 of the Dungeon.
You worshipped Sif Muna.
Sif Muna was noncommittal.
You were a tree.
You visited 2 branches of the dungeon, and saw 7 of its levels.

You collected 210 gold pieces.
You spent 39 gold pieces at shops.

Inventory:

Hand Weapons
 b - a +3 dagger of holy wrath
Armour
 f - a +1 scale mail of poison resistance
 i - a +0 pair of gloves (melded)
 l - a +0 leather armour
 m - a +0 robe (melded)
Magical Staves
 a - a staff of fire (weapon)
Jewellery
 k - a +4 ring of protection (left branch)
 s - an amulet of faith (around neck)
Wands
 d - a wand of acid (14)
 h - a wand of flame (25)
 p - a wand of polymorph (5)
Scrolls
 j - 4 scrolls of enchant weapon
 o - a scroll of blinking {unknown}
 r - a scroll of immolation {unknown}
Potions
 c - a potion of attraction
 e - 2 potions of berserk rage
 g - a potion of mutation
 n - 2 potions of lignification
 q - a potion of resistance


   Skills:
 + Level 2.7 Fighting
 - Level 2.1 Dodging
 - Level 2.0 Stealth
 - Level 2.0 Spellcasting
 * Level 5.8 Conjurations
 * Level 5.9 Fire Magic


You had 6 spell levels left.
You knew the following spells:

 Your Spells              Type           Power      Damage    Failure   Level
a - Foxfire               Conj/Fire      100%       2x1d9     1%          1
b - Conjure Flame         Conj/Fire      30%        6-21      5%          3

Your spell library contained the following spells:

 Spells                   Type           Power      Damage    Failure   Level
 Inner Flame              Hex/Fire       16%        N/A       19%         3
 Sticky Flame             Conj/Fire      30%        2d5       19%         4
 Corona                   Hex            1%         N/A       21%         1
 Ensorcelled Hibernation  Hex/Ice        2%         N/A       30%         2
 Fireball                 Conj/Fire      15%        3d8       45%         5
 Tukima's Dance           Hex            1%         N/A       52%         3


Dungeon Overview and Level Annotations

Branches:
Dungeon (6/15)             Temple (1/1) D:5

Altars:
Ashenzari
Dithmenos
Fedhas
Gozag
Hepliaklqana
Makhleb
Nemelex Xobeh
Qazlal
Sif Muna
Wu Jian
Xom
Yredelemnul
Zin
The Shining One

Shops:
D:4 *!=:   D:6 :

Annotations:
D:2 Natasha, Sigmund
D:3 2 transporters, octoduck's ghost, amateur TeFE
D:5 exclusion: upstairs, Eustachio


Innate Abilities, Weirdness & Mutations

You are a tree.
Your roots penetrate the ground, keeping you stationary.
You cannot be teleported.
You are immune to unholy pain and torment.
Your maximum health is greatly increased.
Your equipment is partially melded.
((You have a beak for a mouth.))
((You have claws for feet.))
Your magical nature lets you fly swiftly and evasively.


Message History

A water moccasin comes into view.
Casting: Foxfire (safe; 1% risk of failure)
Confirm with . or Enter, or press ? or * to list all spells.
You feel a surge of power!
You conjure some foxfire!
The foxfire hits the water moccasin but does no damage.
The water moccasin hisses angrily.
Your foxfire dissipates!
The water moccasin bites you.
You are poisoned.
The water moccasin poisons you!
You feel very sick.
You feel sick.
You feel sick.
You feel sick.
You feel sick. The water moccasin bites you.
You feel sick.
You feel sick.
You feel sick. The water moccasin bites you.
You are more poisoned.
The water moccasin poisons you!
Casting: Foxfire (safe; 1% risk of failure)
Confirm with . or Enter, or press ? or * to list all spells.
You feel a surge of power!
You conjure some foxfire!
* * * LOW HITPOINT WARNING * * *
You feel very sick. The water moccasin bites you.
* * * LOW HITPOINT WARNING * * *
* * * LOW HITPOINT WARNING * * *
You feel sick.
The foxfire hits the water moccasin.
The water moccasin is lightly wounded.
The water moccasin bites you.
* * * LOW HITPOINT WARNING * * *
Really quaff the potion of lignification?
You turn into a tree.
Your +0 pair of gloves melds into your body.
Your +0 robe melds into your body.
Your roots penetrate the ground.
* * * LOW HITPOINT WARNING * * *
You feel sick. The water moccasin barely misses you.
The water moccasin bites you!
You die...

#.# #. #.# #. ###
#.# #.##.. #.#
#.#... #.# #.#..#
#.# #..... #.#
####..###
#S#########.....#..
#.♣v............#..
####.###........'..
....##.##.###.#[.
###.###.##.# #.#..
#.# #.##.##..###
#.# #.##.##.....
#.# #.##.#..###.
#.. .......# #.
#.##..# #.


You could see a water moccasin (ally target).

Vanquished Creatures
  A necrophage (D:6)
  A water moccasin skeleton (D:5)
  A bullfrog zombie (D:5)
  A jelly (D:5)
  A bullfrog skeleton (D:5)
  An orc priest (D:4)
  2 iguanas (D:5)
  A howler monkey skeleton (D:5)
  3 adders
  A white imp (D:5)
  An ufetubus (D:5)
  A worm (D:3)
  3 dart slugs
  3 orcs
  3 ball pythons
  4 endoplasms
  4 giant cockroaches
  5 goblins
  5 hobgoblins
  2 jackals (D:4)
  14 kobolds
  5 quokkas
  2 bats
  4 frilled lizards
  4 rats
73 creatures vanquished.

Vanquished Creatures (others)
  A bush (D:2)
  190 foxfires
  12 plants (D:2)
203 creatures vanquished.

Grand Total: 276 creatures vanquished

Notes
Turn   | Place    | Note
-------+----------+-------------------------------------------
     0 | D:1      | octoduck the Tengu Fire Elementalist began the quest for
                  | the Orb.
     0 | D:1      | Reached XP level 1. HP: 10/10 MP: 4/4
   396 | D:1      | Reached XP level 2. HP: 16/16 MP: 4/6
   439 | D:1      | Found a faded altar of an unknown god.
   946 | D:1      | Reached XP level 3. HP: 20/20 MP: 4/7
   989 | D:1      | Reached skill level 1 in Fighting
  1300 | D:2      | Noticed Natasha
  2260 | D:2      | Reached XP level 4. HP: 25/25 MP: 5/8
  2408 | D:2      | Noticed Sigmund
  2874 | D:3      | Found a glowing silver altar of Zin.
  2882 | D:3      | Found a transporter.
  2882 | D:3      | Noticed octoduck's ghost (amateur TeFE)
  2929 | D:3      | Found a transporter.
  3022 | D:3      | Found a hazy altar of Hepliaklqana.
  3177 | D:3      | Found a stormy altar of Qazlal.
  3420 | D:4      | Found Udohauw's Assorted Antiques.
  3427 | D:4      | Found Tunlud's Distillery.
  3430 | D:4      | Bought a potion of lignification for 39 gold pieces
  3617 | D:4      | Found Rudoz's Jewellery Boutique.
  3800 | D:4      | Found Viguoj's Book Shop.
  3907 | D:5      | Entered Level 5 of the Dungeon
  3907 | D:5      | Noticed Eustachio
  4082 | D:5      | Gained mutation: Your magical nature lets you fly swiftly
                  | and evasively. [Tengu growth]
  4082 | D:5      | Reached XP level 5. HP: 30/30 MP: 6/9
  4394 | D:5      | Reached skill level 5 in Fire Magic
  4551 | D:5      | Found a shadowy altar of Dithmenos.
  4805 | D:4      | Reached skill level 5 in Conjurations
  4805 | D:4      | Reached XP level 6. HP: 35/35 MP: 5/10
  4907 | D:5      | Found a staircase to the Ecumenical Temple.
  4918 | Temple   | Entered the Ecumenical Temple
  5034 | Temple   | Became a worshipper of Sif Muna the Loreminder
  5048 | Temple   | Learned a level 3 spell: Conjure Flame
  5459 | D:6      | Found Otaeqamn's Self-Improvement Boutique.
  5505 | D:6      | Found a blossoming altar of Fedhas.
  5517 | D:6      | Noticed a necrophage
  5538 | D:6      | Killed a necrophage
  5539 | D:6      | Reached XP level 7. HP: 37/40 MP: 6/11
  5638 | D:6      | Slain by a water moccasin

Illustrated notes

Levels and vault maps discovered:
D:1:      dpeg_chamrin_arrival_tetris, layout_basic,
          chequers_ecumenical_altar_simple_redux, minmay_distorted
D:2:      layout_loops_corners, lexackson_kobold_supper, uniq_sigmund,
          uniq_natasha
D:3:      layout_loops_cross, nicolae_overflow_crystal_walls,
          mainiacjoe_overflow_alcove_2, zin_statuary, gammafunk_ghost_stat_death
D:4:      layout_cave_pools, serial_shops, nicolae_lakefront_shop,
          kennysheep_mini, nicolae_shop_overgrown_old_shop,
          nicolae_lakefront_shop
D:5:      layout_rooms, grunt_dithmenos_smoke_and_mirrors,
          minmay_temple_entry_stoned_glass, grunt_ministairs_8, uniq_eustachio,
          uniq_crazy_yiuf_cottage
D:6:      layout_loops_ring, nicolae_vehumet_altar_sigil,
          mainiacjoe_overflow_paths, amcnicky_altar_gilded,
          nicolae_ossuary_entry_false_entrances, nicolae_shop_self_help
Temple:   nicolae_temple_figure_zero

Skill      XL: |  1  2  3  4  5 |
---------------+----------------+-----
Conjurations   | 2 3 4 5 |  5.8
Fighting       | 1 2 |  2.7
Fire Magic     | 4 5 |  5.9
Dodging        | |  2.1
Stealth        | |  2.0
Spellcasting   | |  2.0

Action                   |  1- 3 |  4- 6 |  7- 9 || total
-------------------------+-------+-------+-------++-------
Melee: Dagger            |     1 |    21 |       ||    22
       Peck              |       |     6 |       ||     6
       Kick              |       |     5 |       ||     5
       Staff             |       |     1 |       ||     1
 Cast: Foxfire           |    45 |    74 |     2 ||   121
  Use: Scroll            |     2 |     8 |       ||    10
       Potion            |       |       |     1 ||     1
 Stab: Sleeping          |     1 |       |       ||     1
Armor: Robe              |     4 |    22 |       ||    26
Dodge: Dodged            |     7 |    50 |     1 ||    58

Table legend: (Time is in decaauts)
 A = Elapsed time spent in this place.
 B = Non-inter-level travel time spent in this place.
 C = Inter-level travel time spent in this place.
 D = Time resting spent in this place.
 E = Time spent auto-exploring this place.
 F = Levels seen in this place.
 G = Mean time per level.
                   A        B        C        D        E       F      G
               +--------+--------+--------+--------+--------+-----+--------+
         Total |   5567 |   5159 |    408 |   1403 |   2540 |   7 |  795.3 |
       Dungeon |   5447 |   5047 |    400 |   1403 |   2441 |   6 |  907.8 |
        Temple |    119 |    111 |      8 |      0 |     99 |   1 |  119.0 |
               +--------+--------+--------+--------+--------+-----+--------+

Top non-repeatable levels by time:
     D:2: 1556 daAuts
     D:1: 1161 daAuts
     D:4: 942 daAuts
     D:5: 939 daAuts
     D:3: 678 daAuts
     D:6: 170 daAuts
  Temple: 119 daAuts
